 Dungeon Crawl Stone Soup version 0.29.1-12-g30fa7ad0bf (webtiles) character file.

Game seed: 13472205228095651708

7 LustLizard the Chucker (level 2, 26/26 HPs)
             Began as a Gnoll Wanderer on Jan 18, 2023.
             Quit the game on level 1 of the Dungeon.
             The game lasted 00:00:34 (318 turns).

LustLizard the Chucker (Gnoll Wanderer)              Turns: 318, Time: 00:00:34

Health: 26/26      AC:  4    Str: 12    XL:     2   Next: 0%
Magic:  7/7        EV: 11    Int: 11    God:
Gold:   41         SH:  0    Dex: 10    Spells: 9/10 levels left

rFire   . . .      SeeInvis .   a - +2 dagger
rCold   . . .      Faith    .   (no shield)
rNeg    . . .      Spirit   .   e - +0 leather armour
rPois   .          Reflect  .   (no helmet)
rElec   .          Harm     .   c - +0 cloak
rCorr   .          Rampage  .   (no gloves)
Will    .....                   (no boots)
Stlth   ++........              (no amulet)
HPRegen 0.08/turn               (no ring)
MPRegen 0.10/turn               (no ring)

@: no status effects
A: fangs 1, strong nose, distributed training
a: no special abilities


You were on level 1 of the Dungeon.
You visited 1 branch of the dungeon, and saw 1 of its levels.

You collected 41 gold pieces.

Inventory:

Hand Weapons
 a - a +2 dagger (weapon)
Missiles
 b - 2 curare-tipped darts (quivered)
Armour
 c - a +0 cloak (worn)
 e - a +0 leather armour (worn)
 g - a +0 pair of gloves
Potions
 d - a potion of berserk rage
 f - a potion of brilliance {unknown}


   Skills:
 + Level 4.4 Fighting
 + Level 0.2 Short Blades
 + Level 0.2 Long Blades
 + Level 0.2 Axes
 + Level 0.2 Maces & Flails
 + Level 0.2 Polearms
 + Level 0.2 Staves
 + Level 0.2 Ranged Weapons
 + Level 6.4 Throwing
 + Level 0.2 Armour
 + Level 2.4 Dodging
 + Level 2.2 Stealth
 + Level 0.2 Shields
 + Level 0.2 Unarmed Combat
 + Level 4.9 Spellcasting
 + Level 0.1 Conjurations
 + Level 0.1 Hexes
 + Level 0.1 Summonings
 + Level 0.1 Necromancy
 + Level 2.0 Translocations
 + Level 0.1 Transmutations
 + Level 0.1 Fire Magic
 + Level 0.1 Ice Magic
 + Level 0.1 Air Magic
 + Level 0.1 Earth Magic
 + Level 0.1 Poison Magic
 + Level 0.3 Invocations
 + Level 0.2 Evocations


You had 9 spell levels left.
You knew the following spells:

 Your Spells              Type           Power      Damage    Failure   Level
a - Apportation           Tloc           14%        N/A       12%         1

Your spell library contained the following spells:

 Spells                   Type           Power      Damage    Failure   Level
 Portal Projectile        Hex/Tloc       10%        N/A       47%         3


Dungeon Overview and Level Annotations

Branches:
Dungeon (1/15)

Altars:


Innate Abilities, Weirdness & Mutations

You have very sharp teeth.
Your uncanny sense of smell can sniff out nearby items.
Your experience applies equally to all skills.


Message History

The quokka barely misses you.
The quokka bites you but does no damage.
You hit the quokka.
You kill the quokka!
You see here a quokka corpse.
Found 2 stones.
HP restored.
You now have 24 gold pieces (gained 5).
Things that are here:
a +0 short sword; 2 stones; a kobold corpse
Things that are here:
a +0 short sword; a kobold corpse You see here a ball python corpse.
You now have 41 gold pieces (gained 17).
You open the door.
There is an open door here.
Key pressed, stopping explore.
A kobold comes into view. It is wielding a +0 short sword.
A kobold is nearby!
Found a pair of gloves.
The kobold shouts!
The kobold throws a stone.
The stone barely misses you.
The kobold throws a stone.
The stone hits you but does no damage.
Found a ruby potion.
Found a sling.
The kobold hits you with a +0 short sword.
You barely miss the kobold. Your bite misses the kobold. The kobold misses you.
You hit the kobold.
The kobold is severely wounded.
The kobold hits you but does no damage.
You barely miss the kobold.
The kobold is severely wounded.
You hit the kobold.
You kill the kobold!
You have reached level 2!
You see here a +0 pair of gloves.
g - a +0 pair of gloves Welcome back, LustLizard the Gnoll Wanderer.
Press ? for a list of commands and other information.
Are you sure you want to abandon this character and quit the game? (Confirm with "yes".)

# ......#.# ########
###.#...#.# ........
........)#..
.......######........#
...............(.....#
.....>..∆ #..######.
#####... #......... ..
#..######## ##### .
#..@......# ....#
#.#########
....##########.#
.............#.#
.............#.#
....†........#.#
......÷......'.#
###..).......### #
#.)†.......#


There were no monsters in sight!

Vanquished Creatures
  A ball python (D:1)
  A quokka (D:1)
  3 kobolds (D:1)
  2 rats (D:1)
7 creatures vanquished.

Notes
Turn   | Place    | Note
-------+----------+-------------------------------------------
     0 | D:1      | LustLizard the Gnoll Wanderer began the quest for the Orb.
     0 | D:1      | LustLizard set off with the following items: a +2 dagger, 2
                  | curare-tipped darts, a +0 cloak, a potion of berserk rage,
                  | a +0 leather armour; and the following spell memorised:
                  | Apportation; and the following spells available to
                  | memorise: Portal Projectile.
     0 | D:1      | Reached XP level 1. HP: 20/20 MP: 6/6
   314 | D:1      | Reached XP level 2. HP: 25/26 MP: 7/7
   318 | D:1      | Quit the game

Illustrated notes

Levels and vault maps discovered:
D:1:      amcnicky_arrival_abandoned_market, layout_basic,
          ebering_ecumenical_altar_box

Skill      XL: |  1 |
---------------+----+-----
Translocations | 2 |  2.0
Fighting       | |  4.4
Short Blades   | |  0.2
Long Blades    | |  0.2
Axes           | |  0.2
Maces & Flails | |  0.2
Polearms       | |  0.2
Staves         | |  0.2
Ranged Weapons | |  0.2
Throwing       | |  6.4
Armour         | |  0.2
Dodging        | |  2.4
Stealth        | |  2.2
Shields        | |  0.2
Unarmed Combat | |  0.2
Spellcasting   | |  4.9
Conjurations   | |  0.1
Hexes          | |  0.1
Summonings     | |  0.1
Necromancy     | |  0.1
Transmutations | |  0.1
Fire Magic     | |  0.1
Ice Magic      | |  0.1
Air Magic      | |  0.1
Earth Magic    | |  0.1
Poison Magic   | |  0.1
Invocations    | |  0.3
Evocations     | |  0.2

Action                   || total
-------------------------++-------
Melee: Dagger            ||    16
Armor: Leather armour    ||     4
Dodge: Dodged            ||     7
